 Dungeon Crawl Stone Soup version 0.29.0-4-gdea44cf6ec (webtiles) character file.

Game seed: 1868680947149936926

34 qw the Chopper (level 3, -3/21 HPs)
             Began as a Tengu Warper on Aug 28, 2022.
             Killed from afar by a dart slug (4 damage)
             ... with a slug dart
             ... on level 1 of the Dungeon.
             The game lasted 00:00:09 (1472 turns).

qw the Chopper (Tengu Warper)                       Turns: 1472, Time: 00:00:10

Health: -3/21      AC:  3    Str: 13    XL:     3   Next: 31%
Magic:  7/7        EV: 12    Int: 13    God:
Gold:   50         SH:  0    Dex: 13    Spells: 6/6 levels left

rFire   . . .      SeeInvis .   a - +0 hand axe
rCold   . . .      Faith    .   (no shield)
rNeg    . . .      Spirit   .   b - +0 leather armour
rPois   .          Reflect  .   (helmet restricted)
rElec   .          Harm     .   (no cloak)
rCorr   .          Rampage  .   (no gloves)
Will    .....                   (boots unavailable)
Stlth   +.........              (no amulet)
HPRegen 0.07/turn               (no ring)
MPRegen 0.10/turn               (no ring)

@: no status effects
A: beak, talons 3
a: no special abilities


You were on level 1 of the Dungeon.
You visited 1 branch of the dungeon, and saw 1 of its levels.

You collected 50 gold pieces.


Innate Abilities, Weirdness & Mutations

You have a beak for a mouth.
You have claws for feet.


   Skills:
 - Level 2.0 Fighting
 + Level 4.0 Axes
 - Level 1.0 Throwing
 - Level 1.1 Armour
 - Level 2.1 Dodging
 - Level 2.0 Spellcasting
 - Level 2.4 Translocations


You had 6 spell levels left.
You didn't know any spells.
Your spell library contained the following spells:

 Spells                   Type           Power      Damage    Failure   Level
 Blink                    Tloc           14%        N/A       19%         2
 Gell's Gravitas          Tloc           7%         N/A       36%         3
 Lesser Beckoning         Tloc           7%         N/A       36%         3
 Teleport Other           Tloc           7%         N/A       36%         3
 Manifold Assault         Tloc           7%         N/A       98%         5

Inventory:

Hand Weapons
 a - a +0 hand axe (weapon)
 d - a +0 club
Armour
 b - a +0 leather armour (worn)
Jewellery
 f - a +6 ring of intelligence
Scrolls
 c - a scroll of blinking
 e - a scroll of immolation {unknown}
 g - 3 scrolls of identify {unknown}
 i - a scroll of butterflies {unknown}
Potions
 h - a potion of curing {unknown}

Dungeon Overview and Level Annotations

Branches:
Dungeon (1/15)

Altars:


Message History

The dart slug bites the bush but does no damage.
The dart slug bites the bush but does no damage.
The dart slug bites the bush but does no damage.
The dart slug launches a dart at you.
The slug dart hits you but does no damage.
The dart slug completely misses the bush.
The dart slug bites the bush but does no damage.
The dart slug bites the bush but does no damage.
The dart slug launches a dart at you. The slug dart hits you.
The dart slug bites the bush but does no damage.
The dart slug launches a dart at you. The slug dart hits you.
The dart slug launches a dart at you. The slug dart misses you.
The dart slug launches a dart at you. The slug dart misses you.
The dart slug launches a dart at you.
The slug dart hits you but does no damage.
The dart slug bites the bush.
The dart slug bites the bush but does no damage.
The dart slug bites the bush but does no damage.
The dart slug launches a dart at you. The slug dart hits you.
The dart slug bites the bush but does no damage.
The dart slug bites the bush but does no damage.
The dart slug bites the bush but does no damage.
The dart slug bites the bush but does no damage.
The dart slug launches a dart at you. The slug dart hits you.
The dart slug bites the bush but does no damage.
The dart slug launches a dart at you. The slug dart misses you.
The dart slug bites the bush but does no damage.
The dart slug bites the bush but does no damage.
The dart slug launches a dart at you. The slug dart hits you.
The dart slug launches a dart at you. The slug dart hits you.
You die... .#.#.####.#.........####.# #... .#.#.# #.#.PPPPPPP.PPP#.##

####
.....####.#.....P.P...P#..#######
.#.##...#.#.PPP.P.P.P.P#.........
.#.##.......P.P.P...P............
.#.##...#...P.P.P.P.PPP##...###..
....##.#####P.....P...P##...# #..
........# #PPP.PPPPPPP###..###..
###~##### #P.P.@.P.P.P# #.......
...~...# #P.P.P.P.P.P# ########
..~..P## #P...P.....P#
#.~..###.###P.PPPPPPP.P#
#P~.##.....wP.P.......P# #.~.#


..$...PPPPPPP.PPP# ##~.##...###.####.#.#### .#.~.##. .. # #.# .##.~## ...
#.##### You could see a dart slug.

Vanquished Creatures
  2 dart slugs (D:1)
  2 endoplasms (D:1)
  4 goblins (D:1)
  3 hobgoblins (D:1)
  5 jackals (D:1)
  A quokka (D:1)
  3 ball pythons (D:1)
  3 bats (D:1)
  4 rats (D:1)
27 creatures vanquished.

Vanquished Creatures (others)
  8 plants (D:1)
8 creatures vanquished.

Grand Total: 35 creatures vanquished

Notes
Turn   | Place    | Note
-------+----------+-------------------------------------------
     0 | D:1      | qw the Tengu Warper began the quest for the Orb.
     0 | D:1      | Reached XP level 1. HP: 12/12 MP: 4/4
     0 | D:1      | 0 ||| qw: Version: 0.1-a-89-g26bdef1
     0 | D:1      | 0 ||| qw: Game counter: 2192
     0 | D:1      | 0 ||| qw: Always use a shield: true
     0 | D:1      | 0 ||| qw: God list: Okawaru
     0 | D:1      | 0 ||| qw: Allow faded altars: false
     0 | D:1      | 0 ||| qw: Do Orc after D:15 true
     0 | D:1      | 0 ||| qw: Do second Lair branch before Depths: true
     0 | D:1      | 0 ||| qw: Lair rune preference: random
     0 | D:1      | 0 ||| qw: Plans: Normal
     0 | D:1      | 0 ||| PLANNING D:1-11
    45 | D:1      | 45 ||| Stepping ~*~*~tactically~*~*~ (stealth).
    53 | D:1      | 53 ||| Stepping ~*~*~tactically~*~*~ (stealth).
   162 | D:1      | Reached XP level 2. HP: 13/17 MP: 6/6
   278 | D:1      | Reached skill level 3 in Axes
   284 | D:1      | 284 ||| Stepping ~*~*~tactically~*~*~ (stealth).
   293 | D:1      | 293 ||| Stepping ~*~*~tactically~*~*~ (stealth).
   369 | D:1      | 369 ||| Stepping ~*~*~tactically~*~*~ (hiding).
   599 | D:1      | 599 ||| Stepping ~*~*~tactically~*~*~ (stealth).
   604 | D:1      | 604 ||| Stepping ~*~*~tactically~*~*~ (stealth).
   610 | D:1      | 610 ||| Stepping ~*~*~tactically~*~*~ (stealth).
   611 | D:1      | 611 ||| Stepping ~*~*~tactically~*~*~ (stealth).
   616 | D:1      | Reached XP level 3. HP: 21/21 MP: 7/7
   625 | D:1      | 625 ||| Stepping ~*~*~tactically~*~*~ (stealth).
   627 | D:1      | 627 ||| Stepping ~*~*~tactically~*~*~ (stealth).
   830 | D:1      | 830 ||| Stepping ~*~*~tactically~*~*~ (hiding).
   932 | D:1      | 932 ||| Stepping ~*~*~tactically~*~*~ (hiding).
  1034 | D:1      | 1034 ||| Stepping ~*~*~tactically~*~*~ (hiding).
  1044 | D:1      | Reached skill level 4 in Axes
  1225 | D:1      | Found a faded altar of an unknown god.
  1447 | D:1      | HP: 4/21 [dart slug/slug dart (2)]
  1457 | D:1      | HP: 3/21 [dart slug/slug dart (2)]
  1464 | D:1      | HP: 1/21 [dart slug/slug dart (2)]
  1471 | D:1      | HP: 1/21 [dart slug/slug dart (1)]
  1472 | D:1      | Killed from afar by a dart slug

Levels and vault maps discovered:
D:1:      lemuel_arrival_hallway, layout_loops_cross,
          shapermc_ecumenical_altar_hornbeckon, serial_park_tiny_pond,
          minmay_misc_feat_square, minmay_hedge_maze

Skill      XL: |  1  2  3 |
---------------+----------+-----
Axes           | 3 4 |  4.0
Fighting       | |  2.0
Throwing       | |  1.0
Armour         | |  1.1
Dodging        | |  2.1
Spellcasting   | |  2.0
Translocations | |  2.4

Action                   || total
-------------------------++-------
Melee: Hand axe          ||    59
       Kick              ||    10
       Peck              ||     9
Throw: Boomerang         ||     7
Armor: Leather armour    ||    15
Dodge: Dodged            ||    49

Table legend:
 A = Non-vault XP
 B = Vault XP
 C = Vault XP percentage of total XP
 D = Non-vault monster count
 E = Vault monster count
 F = Vault count percentage of total count
                 A         B        C        D         E       F
            +---------+---------+-------+---------+---------+-------
      Total |      49 |       0 |   0.0 |      27 |       0 |   0.0
            +---------+---------+-------+---------+---------+-------
        D:1 |      49 |       0 |   0.0 |      27 |       0 |   0.0
            +---------+---------+-------+---------+---------+-------
